 Dungeon Crawl Stone Soup version 0.21.1-1-g345015fe64 (webtiles) character file.

273 TomHero the Slasher (level 6, -1/48 HPs)
             Began as a Human Fighter on July 4, 2018.
             Slain by a frilled lizard (3 damage)
             ... on level 3 of the Dungeon.
             The game lasted 01:11:26 (2386 turns).

TomHero the Slasher (Human Fighter)                 Turns: 2386, Time: 01:11:27

Health: -1/48      AC:  8    Str: 20    XL:     6   Next: 48%
Magic:  6/6        EV:  6    Int:  8    God:
Gold:   169        SH:  8    Dex: 13    Spells: 5/5 levels left

rFire    + . .     SeeInvis .   a - +0 long sword
rCold    . . .     Gourm    .   c - +0 shield
rNeg     . . .     Faith    .   b - +0 scale mail
rPois    .         Spirit   .   (no helmet)
rElec    .         Reflect  .   (no cloak)
rCorr    .         Harm     .   (no gloves)
MR       .....                  (no boots)
Stlth    ..........             (no amulet)
HPRegen  0.16/turn              (no ring)
MPRegen  0.10/turn              (no ring)

@: lethally poisoned (-1 -> -13), flying, heavily drained
A: molten scales 1, fire resistance 1, high mp 1, strong 1
a: no special abilities


You were on level 3 of the Dungeon.
You were not hungry.

You visited 1 branch of the dungeon, and saw 3 of its levels.

You collected 169 gold pieces.

Inventory:

Hand Weapons
 a - a +0 long sword (weapon)
 d - a +0 hand axe of chopping
 e - a cursed +0 club
 h - a +0 hand axe
 i - a +0 club
 l - a +0 short sword
 m - a +0 hand axe
 n - a +0 dagger
 o - a +0 short sword
 p - a cursed +0 dagger
 r - a +0 hand axe
 s - a +0 dagger
 v - a +0 dagger
 y - a +0 flail
 A - a +0 morningstar
 B - a +0 whip
 E - a +0 club
 G - a +0 dagger
 J - a +0 club
 K - a +0 club
 L - a +0 whip
 N - a +0 hand axe
Missiles
 j - 31 arrows
 k - 70 stones (quivered)
 x - 4 tomahawks
Armour
 b - a +0 scale mail (worn)
 c - a +0 shield (worn)
 t - a +0 leather armour
 w - a +0 robe
 C - a +0 leather armour
 M - a cursed +0 chain mail
Jewellery
 D - a cursed -3 ring of intelligence
Comestibles
 f - 5 rations


   Skills:
 + Level 3.7(1.6) Fighting
 + Level 4.7(2.5) Long Blades
 + Level 0.4(0.0) Throwing
 + Level 3.6(1.5) Armour
 + Level 0.7(0.0) Dodging
 + Level 3.8(1.6) Shields


You had 5 spell levels left.
You didn't know any spells.

Dungeon Overview and Level Annotations

Branches:
Dungeon (3/15)

Altars:

Annotations:
D:3 Teps's ghost, amateur DrVM


Innate Abilities, Weirdness & Mutations

You are partially covered in molten scales. (AC +2)
Your flesh is heat resistant. (rF+)
You have an increased reservoir of magic. (+10% MP)
Your muscles are strong. (Str +2)


Message History

* * * LOW HITPOINT WARNING * * *
You feel sick. The adder bites you.
* * * LOW HITPOINT WARNING * * *
You are more poisoned.
The adder poisons you!
* * * LOW HITPOINT WARNING * * *
You feel sick.
* * * LOW HITPOINT WARNING * * *
You feel sick. The gnoll completely misses you.
* * * LOW HITPOINT WARNING * * *
You feel sick. The adder bites you but does no damage.
You hit the adder.
The adder is lightly wounded.
* * * LOW HITPOINT WARNING * * *
You feel sick.
The frilled lizard bites you but does no damage.
You block the adder's attack. The gnoll barely misses you.
Teps's ghost hits you but does no damage.
You feel drained. The frilled lizard bites you.
You die...

##>.............≈≈≈#≈≈≈≈≈≈≈≈* *,
####.##..........#≈#******≈** *,
................≈≈≈#≈≈≈≈≈≈≈* *,
.................≈≈#********* *,
....<...†..........####,,,,,****,
......................+,,,,,,,,,,
##############.g..#####,,,,,,,,,,
..,,,,,,,,,,,#.lSW# *,,,,,,,,,,
..,,,,,,,,,,,#..@.# ********,,,
..,,,,,,,,,,,#....# *,,,
.##########,,#....# *,,,
.#........#,,#....# *,,,
.#........#,,#....# *,,,
.#..#####.#..#....# ***+
.#..#...#.#..#....# *********,
.#..'...#.#..#....# *,,,,,,,,,
.#..#...#.#..#....# *,,,,,,,,,


You could see Teps's ghost, a gnoll, an adder and a frilled lizard.

Vanquished Creatures
  A necrophage (D:2)
  An orc wizard (D:2)
  3 gnolls (D:3)
  3 adders
  2 oozes
  2 worms
  5 dart slugs
  A leopard gecko (D:1)
  5 orcs
  12 bats
  3 giant cockroaches
  7 goblins
  6 hobgoblins
  4 jackals (D:2)
  A quokka (D:2)
  A ball python (D:1)
  6 frilled lizards
  7 kobolds
  6 rats
76 creatures vanquished.

Notes
Turn   | Place    | Note
-------+----------+-------------------------------------------
     0 | D:1      | TomHero the Human Fighter began the quest for the Orb.
     0 | D:1      | Reached XP level 1. HP: 18/18 MP: 1/1
   180 | D:1      | Reached XP level 2. HP: 24/24 MP: 2/2
   578 | D:1      | Reached XP level 3. HP: 20/29 MP: 3/3
  1274 | D:2      | Reached XP level 4. HP: 31/35 MP: 4/4
  1281 | D:2      | Reached skill level 3 in Long Blades
  1530 | D:2      | Found a faded altar of an unknown god.
  1665 | D:2      | Reached XP level 5. HP: 41/41 MP: 5/5
  1693 | D:2      | Noticed a necrophage
  1804 | D:2      | Killed a necrophage
  1804 | D:2      | Reached skill level 4 in Long Blades
  1804 | D:2      | Reached XP level 6. HP: 36/47 MP: 6/6
  2288 | D:3      | Noticed Teps's ghost (amateur DrVM)
  2369 | D:3      | Gained mutation: Your muscles are strong. (Str +2) [potion of mutation]
  2369 | D:3      | Gained mutation: You have an increased reservoir of magic. (+10% MP) [potion of mutation]
  2369 | D:3      | Gained mutation: You are partially covered in molten scales. (AC +2) [potion of mutation]
  2369 | D:3      | Gained mutation: Your flesh is heat resistant. (rF+) [potion of mutation]
  2386 | D:3      | HP: 2/48 [poisoned by an adder]
  2386 | D:3      | Slain by a frilled lizard

Skill      XL: |  1  2  3  4  5 |
---------------+----------------+-----
Long Blades    | 3 4 |  4.7
Fighting       | |  3.7
Throwing       | |  0.4
Armour         | |  3.6
Dodging        | |  0.7
Shields        | |  3.8

Action                   |  1- 3 |  4- 6 || total
-------------------------+-------+-------++-------
Melee: Long sword        |    77 |   155 ||   232
Throw: Stone             |       |    19 ||    19
  Use: Potion            |     1 |     7 ||     8
       Scroll            |       |     7 ||     7
  Eat: Chunk             |     1 |     3 ||     4
       Ration            |       |     1 ||     1
Armor: Scale mail        |    36 |    93 ||   129
Dodge: Dodged            |    26 |    53 ||    79
Block: Shield            |    41 |   111 ||   152
       Rpst.: Long sword |     7 |    11 ||    18
